 Dungeon Crawl Stone Soup version 0.28-a0-794-gafe8c5f9e9 (webtiles) character file.

Game seed: 5509953102015507681

41 kae the Caller (level 3, 0/20 HPs)
             Began as a Tengu Summoner on Nov 5, 2021.
             Succumbed to an adder's poison
             ... on level 2 of the Dungeon.
             The game lasted 00:02:04 (2942 turns).

kae the Caller (Tengu Summoner)                     Turns: 2942, Time: 00:02:05

Health: 0/20       AC:  3    Str:  8    XL:     3   Next: 52%
Magic:  5/7        EV: 12    Int: 16    God:
Gold:   108        SH:  0    Dex: 14    Spells: 3/6 levels left

rFire   . . .      SeeInvis +   c - +0 dagger
rCold   . . .      Faith    .   (no shield)
rNeg    . . .      Spirit   .   i - +0 leather armour
rPois   .          Reflect  .   (helmet restricted)
rElec   .          Harm     .   (no cloak)
rCorr   .          Rampage  .   (no gloves)
Will    .....                   (boots unavailable)
Stlth   ++........              (no amulet)
HPRegen 0.06/turn               h - ring of see invisible
MPRegen 0.10/turn               (no ring)

@: lethally poisoned (0 -> -8)
A: beak, talons 3
a: no special abilities


You were on level 2 of the Dungeon.
You visited 1 branch of the dungeon, and saw 2 of its levels.

You collected 108 gold pieces.

Inventory:

Hand Weapons
 c - a +0 dagger (weapon)
Armour
 a - a +0 robe
 i - a +0 leather armour (worn)
Jewellery
 h - a ring of see invisible (left hand)
 m - an amulet of guardian spirit
Scrolls
 d - a scroll of vulnerability {unknown}
 e - a scroll of teleportation {unknown}
 j - a scroll of blinking {unknown}
 n - 2 scrolls of identify {unknown}
Potions
 b - a potion of resistance {unknown}
 f - 2 potions of brilliance {unknown}
 g - a potion of curing {unknown}
 k - a potion of haste {unknown}
 l - a potion of invisibility {unknown}


   Skills:
 + Level 1.1 Fighting
 + Level 2.6 Dodging
 - Level 2.0 Stealth
 + Level 2.3 Spellcasting
 * Level 5.4 Summonings


You had 3 spell levels left.
You knew the following spells:

 Your Spells              Type           Power      Damage    Failure   Level
a - Summon Small Mammal   Summ           76%        N/A       3%          1
b - Call Imp              Summ           19%        N/A       4%          2

Your spell library contained the following spells:

 Spells                   Type           Power      Damage    Failure   Level
 Call Canine Familiar     Summ           19%        N/A       10%         3
 Slow                     Hex            4%         N/A       28%         1
 Summon Guardian Golem    Hex/Summ       10%        N/A       28%         3
 Corpse Rot               Necr/Air       2%         N/A       41%         2
 Poisonous Vapours        Pois/Air       2%         N/A       41%         2
 Summon Lightning Spire   Summ/Air       10%        N/A       67%         4


Dungeon Overview and Level Annotations

Branches:
Dungeon (2/15)

Altars:


Innate Abilities, Weirdness & Mutations

You have a beak for a mouth.
You have claws for feet.


Message History

Your peck misses the adder.
The adder is lightly wounded.
You feel sick. The adder bites you but does no damage.
You barely miss the adder. You claw the adder.
The adder is heavily wounded.
You feel sick. The adder closely misses you.
An adder is nearby!
You closely miss the adder. You claw the adder.
You peck the adder, but do no damage.
The adder is severely wounded.
You feel sick. The adder bites you but does no damage.
The adder barely misses you.
You hit the adder but do no damage.
The adder is severely wounded.
You feel sick. The adder barely misses you.
Casting: Summon Small Mammal (safe; 3% risk of failure)
Confirm with . or Enter, or press ? or * to list all spells.
A beastly little devil appears in a puff of flame.
You feel sick.
You are no longer poisoned.
The adder bites you but does no damage. The adder bites you.
Your crimson imp misses the adder.
The adder bites you.
You hit the adder. Your peck misses the adder.
The adder is severely wounded.
The adder closely misses you.
Your crimson imp misses the adder.
You hit the adder. Your peck misses the adder.
The adder is almost dead.
The adder bites you.
* * * LOW HITPOINT WARNING * * *
Your crimson imp blinks!
You closely miss the adder. You claw the adder, but do no damage.
The adder is almost dead.
The adder bites you but does no damage. The adder bites you.
* * * LOW HITPOINT WARNING * * *
You are lethally poisoned!
The adder poisons you!
You hit the adder.
The adder is almost dead.
You die...

#.# #.##.#.>.....# .. #.#
#[##.######### ... #.#
#.##.# ########..# #.#
#.##.# #........# #.#
#.##.# #........#
#.###.##.# #.[......#
......##.# #........#
#.######.# #S#
#.######.#######@########.
#.##......................
..............##..#######.
###..###..###.##..#
#....#.#..#.#.##..#######.
###..#.#..#.#.##..........
...............##.########
#.#..#.#..###.....#
#.#..#.#..#.......#


You could see an adder.

Vanquished Creatures
  A dart slug (D:1)
  2 bats
  4 endoplasms
  4 hobgoblins
  A kobold (D:2)
  4 quokkas
  3 ball pythons
  3 frilled lizards (D:1)
  3 rats
25 creatures vanquished.

Vanquished Creatures (collateral kills)
  2 endoplasms (D:2)
  3 goblins (D:1)
  A kobold (D:1)
  2 ball pythons (D:1)
  A rat (D:1)
9 creatures vanquished.

Grand Total: 34 creatures vanquished

Notes
Turn   | Place    | Note
-------+----------+-------------------------------------------
     0 | D:1      | kae the Tengu Summoner began the quest for the Orb.
     0 | D:1      | Reached XP level 1. HP: 10/10 MP: 4/4
   556 | D:1      | Reached skill level 5 in Summonings
   588 | D:1      | Reached XP level 2. HP: 16/16 MP: 4/6
   810 | D:1      | Learned a level 2 spell: Call Imp
  1306 | D:1      | Reached XP level 3. HP: 14/20 MP: 4/7
  1515 | D:1      | Reached skill level 1 in Fighting
  2024 | D:2      | Found a faded altar of an unknown god.
  2051 | D:2      | Got Plato's Papyrus of Execration
  2942 | D:2      | Succumbed to an adder's poison

Illustrated notes

Levels and vault maps discovered:
D:1:      sevenhm_arrival_forest_fort_small_3, layout_loops_ring
D:2:      layout_basic, shapermc_ecumenical_altar_rom_forum,
          minmay_misc_feat_nine_boxes, grunt_ministairs_12

Skill      XL: |  1  2  3 |
---------------+----------+-----
Summonings     | 5 |  5.4
Fighting       | 1 |  1.1
Dodging        | |  2.6
Stealth        | |  2.0
Spellcasting   | |  2.3

Action                   || total
-------------------------++-------
Melee: Dagger            ||   110
       Kick              ||    29
       Unarmed           ||     4
       Peck              ||    15
 Cast: Summon Small Mamm ||    15
       Call Imp          ||    11
 Stab: Sleeping          ||     1
Armor: Robe              ||    13
       Leather armour    ||    17
Dodge: Dodged            ||    82

Table legend: (Time is in decaauts)
 A = Elapsed time spent in this place.
 B = Non-inter-level travel time spent in this place.
 C = Inter-level travel time spent in this place.
 D = Time resting spent in this place.
 E = Time spent auto-exploring this place.
 F = Levels seen in this place.
 G = Mean time per level.
                   A        B        C        D        E       F      G
               +--------+--------+--------+--------+--------+-----+--------+
         Total |   2942 |   2853 |     89 |    655 |   1804 |   2 | 1471.0 |
       Dungeon |   2942 |   2853 |     89 |    655 |   1804 |   2 | 1471.0 |
               +--------+--------+--------+--------+--------+-----+--------+

Top non-repeatable levels by time:
     D:1: 1855 daAuts
     D:2: 1087 daAuts
